 Dungeon Crawl Stone Soup version 0.31.0-1-g2c135a0 (webtiles) character file.

Game seed: 17492142034365417515

200058 brinewave the Severer (level 18, 0/176 HPs)
             Began as a Minotaur Fighter on Jan 31, 2024.
             Was an Initiate of Gozag.
             Killed from afar by a will-o-the-wisp (2 damage)
             ... with a foxfire
             ... on level 4 of the Swamp.
             The game lasted 01:47:58 (32828 turns).

brinewave the Severer (Minotaur Fighter)           Turns: 32828, Time: 01:47:59

Health: 0/176      AC: 39    Str: 33    XL:     18   Next: 26%
Magic:  0/17       EV:  7    Int:  5    God:    Gozag
Gold:   10428      SH: 15    Dex:  6    Spells: 17/17 levels left

rFire   x . .        a - +6 war axe (elec)
rCold   + + .        c - +2 kite shield {rPois}
rNeg    + . .        Q - +2 crystal plate armour {rC+}
rPois   +            U - +0 mask of the Dragon {Will+ Slay+3 SInv}
rElec   +            n - +2 cloak {Will+}
rCorr   +            x - +2 pair of gloves of Discretion {rElec rN+ Str+4 Dex-4}
SInv    +            G - +2 pair of boots {Stlth+}
Will    ++++.        X - amulet of guardian spirit Stlth
                     q - ring of Miwos {Ice Fly Will+ rCorr}
HPRegen 0.49/turn    Z - ring of see invisible
MPRegen 0.15/turn

%: guardian spirit
@: flying
A: horns 2, retaliatory headbutt
a: Renounce Religion, Potion Petition, Call Merchant, Bribe Branch


You were on level 4 of the Swamp.
You worshipped Gozag.
Gozag was extremely pleased with you.
You visited 4 branches of the dungeon, and saw 26 of its levels.
You also visited: Ossuary, Bailey, Ice Cave and Volcano.

You collected 11942 gold pieces.
You spent 872 gold pieces at shops.
You paid 642 gold pieces to Gozag.

Inventory:

Hand Weapons
 a - a +6 war axe of electrocution (weapon)
 b - a +0 war axe of flaming
Missiles
 j - 7 silver javelins
 m - 2 javelins
 v - 27 poisoned darts
 A - 5 boomerangs (quivered)
Armour
 c - a +2 kite shield of poison resistance (worn)
 n - a +2 cloak of willpower (worn)
 x - the +2 pair of gloves of Discretion (worn) {rElec rN+ Str+4 Dex-4}
   (You found it on level 5 of the Lair of Beasts)

   Str+4:     It affects your strength (+4).
   Dex-4:     It affects your dexterity (-4).
   rElec:     It insulates you from electricity.
   rN+:       It protects you from negative energy.
 G - a +2 pair of boots of stealth (worn)
 Q - a +2 crystal plate armour of cold resistance (worn)
 U - the +0 mask of the Dragon (worn) {Will+ Slay+3 SInv}
   (You found it on level 3 of the Lair of Beasts)

   Slay+3:    It affects your accuracy & damage with ranged weapons and melee
   (+3).
   Will+:     It increases your willpower.
   SInv:      It lets you see invisible.
Jewellery
 g - a +6 ring of strength
 q - the ring of Miwos (left hand) {Ice Fly Will+ rCorr}
   (You found it on level 5 of the Lair of Beasts)

   [ring of ice]

   Ice:       It enhances your ice magic.
   rF-:       It makes you vulnerable to fire.
   rC+:       It protects you from cold.
   Will+:     It increases your willpower.
   Fly:       It grants you flight.
   rCorr:     It protects you from acid and corrosion.
 R - a ring of resist corrosion
 W - a ring of protection from fire
 X - an amulet of guardian spirit (around neck)
 Z - a ring of see invisible (right hand)
Wands
 l - a wand of roots (12)
 s - a wand of digging (1)
 u - a wand of light (33)
 I - a wand of flame (26)
 M - a wand of mindburst (27)
 S - a wand of charming (22)
 Y - a wand of polymorph (3)
Scrolls
 f - 12 scrolls of identify
 o - a scroll of silence
 p - 8 scrolls of poison
 r - 4 scrolls of fear
 t - 4 scrolls of blinking
 C - 2 scrolls of brand weapon
 F - 2 scrolls of revelation
 J - 5 scrolls of fog
 L - a scroll of butterflies
 N - 10 scrolls of teleportation
 V - a scroll of immolation
Potions
 e - 6 potions of heal wounds
 h - 7 potions of mutation
 i - 3 potions of berserk rage
 k - 2 potions of resistance
 w - 6 potions of enlightenment
 z - 3 potions of attraction
 B - 2 potions of invisibility
 E - 6 potions of curing
 H - 4 potions of haste
 K - 6 potions of might
 O - a potion of lignification
 P - a potion of ambrosia
 T - 2 potions of cancellation
Miscellaneous
 d - a phantom mirror
 y - a lightning rod (4/4)
 D - a tin of tremorstones (2/2)


   Skills:
 + Level 19.2 Fighting
 - Level 20.4 Axes
 + Level 19.1 Armour
 + Level 19.1 Shields


You had 17 spell levels left.
You didn't know any spells.
Your spell library contained the following spells:

 Spells                   Type           Power      Damage    Failure   Level
 Apportation              Tloc           0%         N/A       99%         1
 Foxfire                  Conj/Fire      0%         2x1d4     99%         1
 Freeze                   Ice            0%         1d3       99%         1
 Kiss of Death            Conj/Necr      0%         2d5       99%         1
 Magic Dart               Conj           0%         1d3       99%         1
 Necrotise                Necr           0%         1d4       99%         1
 Sandblast                Erth           0%         2d4       99%         1
 Sting                    Conj/Alch      0%         1d3       99%         1
 Summon Small Mammal      Summ           0%         N/A       99%         1
 Blink                    Tloc           0%         N/A       100%        2
 Call Imp                 Summ           0%         N/A       100%        2
 Ensorcelled Hibernation  Hex/Ice        0%         N/A       100%        2
 Lesser Beckoning         Tloc           0%         N/A       100%        2
 Momentum Strike          Conj/Tloc      0%         3d8       100%        2
 Call Canine Familiar     Summ           0%         N/A       100%        3
 Confusing Touch          Hex            0%         N/A       100%        3
 Dazzling Flash           Conj/Hex       0%         N/A       100%        3
 Frozen Ramparts          Ice            0%         1d1       100%        3
 Hailstorm                Conj/Ice       0%         3d5       100%        3
 Mephitic Cloud           Conj/Alch/Air  0%         N/A       100%        3
 Passwall                 Erth           0%         N/A       100%        3
 Sigil of Binding         Hex            0%         N/A       100%        3
 Stone Arrow              Conj/Erth      0%         3d7       100%        3
 Swiftness                Air            0%         N/A       100%        3
 Tukima's Dance           Hex            0%         N/A       100%        3
 Vampiric Draining        Necr           0%         2d6       100%        3
 Anguish                  Hex/Necr       0%         N/A       100%        4
 Brom's Barrelling Bould  Conj/Erth      0%         2d3       100%        4
 Cause Fear               Hex            0%         N/A       100%        4
 Dimensional Bullseye     Hex/Tloc       0%         N/A       100%        4
 Dispel Undead            Necr           0%         3d6       100%        4
 Iskenderun's Mystic Bla  Conj/Tloc      0%         2d3       100%        4
 Martyr's Knell           Necr/Summ      0%         N/A       100%        4
 Summon Blazeheart Golem  Fire/Summ      0%         N/A       100%        4
 Vhi's Electric Charge    Tloc/Air       0%         N/A       100%        4
 Arcjolt                  Conj/Air       0%         1d10      100%        5
 Curse of Agony           Necr           0%         N/A       100%        5
 Metabolic Englaciation   Hex/Ice        0%         N/A       100%        5
 Silence                  Hex/Air        0%         N/A       100%        5
 Plasma Beam              Fire/Air       0%         2x1d10    100%        6
 Starburst                Conj/Fire      0%         6d3       100%        6
 Enfeeble                 Hex            0%         N/A       100%        7


Dungeon Overview and Level Annotations

Branches:
Dungeon (15/15)            Temple (0/1) D:6            Lair (5/5) D:11
  Swamp (4/4) Lair:2       Spider (0/4) Lair:3        Slime (0/5) Lair:4
    Orc (2/2) D:12            Elf (0/3) Orc:2        Vaults (0/5) D:14
 Depths (0/4) D:15        Ossuary (visited)          Bailey (visited)
  IceCv (visited)         Volcano (visited)

Altars:
Cheibriados
Dithmenos
Elyvilon
Fedhas
Gozag
Hepliaklqana
Qazlal
Zin
The Shining One
Jiyva

Shops:
D:5 :   D:8 :   D:9 :   Orc:2 [:([   Lair:3 !

Annotations:
D:2 1 runed translucent door, Crazy Yiuf


Innate Abilities, Weirdness & Mutations

You have a pair of horns on your head.
You reflexively headbutt those who attack you in melee.


Message History

The boomerang hits the will-o-the-wisp but does no damage.
Throw: 5 boomerangs
Press: ? - help, Q - select action, (/) - cycle Shift-Dir - straight line, f/p - will-o-the-wisp
Aim: a will-o-the-wisp (65% to hit)
You throw a boomerang. The boomerang hits the will-o-the-wisp!
The will-o-the-wisp is lightly damaged.
The will-o-the-wisp gestures.
The will-o-the-wisp conjures some marshlight! 2 foxfires come into view.
Throw: 5 boomerangs
Press: ? - help, Q - select action, (/) - cycle Shift-Dir - straight line, f/p - will-o-the-wisp
Aim: a will-o-the-wisp (lightly damaged, 65% to hit)
You throw a boomerang. The boomerang hits the will-o-the-wisp.
The will-o-the-wisp is moderately damaged.
The foxfire hits you but does no damage.
The foxfire hits you!!! The fire burns you terribly!
The will-o-the-wisp gestures.
The will-o-the-wisp conjures some marshlight! 2 foxfires come into view.
You slash the will-o-the-wisp!
Your headbutt misses the will-o-the-wisp.
The will-o-the-wisp is heavily damaged.
The foxfire hits you! The fire burns you terribly! The foxfire hits you!!!
The fire burns you terribly!
* * * LOW HITPOINT WARNING * * *
You block the will-o-the-wisp's attack.
You slash the will-o-the-wisp!
Your headbutt misses the will-o-the-wisp.
The will-o-the-wisp is almost destroyed.
The will-o-the-wisp gestures.
The will-o-the-wisp conjures some marshlight! 2 foxfires come into view.
You barely miss the will-o-the-wisp.
The will-o-the-wisp is almost destroyed.
You closely miss the foxfire. The foxfire hits you!!!
The fire burns you terribly!
* * * LOW HITPOINT WARNING * * *
The foxfire hits you. The fire burns you terribly!
You die...
Your body crumbles into a pile of gold.

....~§~ ~....~ ♣~
♣~.~♣ ~♣♣♣.#####♣♣
♣.~.♣
~.~~.♣~~~~~♣♣♣~~.♣♣
.~..♣..~~..♣♣.~~~.♣♣♣
.~.♣.....~.~.~~~~.§~♣
..~~~§v.~.~♣.~§~~.♣♣♣
♣.~..§v@~~♣♣♣.~~~.♣
~.♣...§§§♣♣
♣.~~~.♣♣♣♣♣
#≈.~...♣♣♣
♣....♣♣.~~♣♣ ~#~♣~~.
♣.~~~~(~~~~. ♣§ ♣♣.♣
♣♣~~~~~~~~~~ ~ ♣♣
♣♣♣.~~~~)~~~~~
♣~..~~~~§~~~~~
♣♣♣♣.§~~~~~~..
♣.~~~~~~.~~


You could see a will-o-the-wisp.

Vanquished Creatures
  A tentacled monstrosity (Swamp:2)
  Jorgrun (D:13)
  A thorn hunter (Swamp:2)
  Gastronok (Orc:1)
  Kirke (D:14)
  Agnes (D:14)
  A frost giant (IceCv)
  2 orc warlords
  A ghoul (Swamp:2)
  An ironbound thunderhulk (D:14)
  2 eleionomae (Swamp:3)
  4 bunyips
  A fire dragon (Lair:5)
  Josephine (D:14)
  3 rakshasas
  2 vault guards (D:14)
  A shambling mangrove (Swamp:2)
  A great orb of eyes (D:15)
  3 ghost crabs
  Erolcha (Orc:1)
  6 hydras
  2 centaur warriors
  An ogre mage (D:15)
  2 boulder beetles
  9 two-headed ogres
  Erica (D:9)
  8 alligators
  A death knight (D:14)
  5 tengu warriors
  2 hell hogs
  5 orc high priests (Orc:2)
  11 death yaks
  A spriggan berserker (Swamp:3)
  Nergalle (Lair:2)
  Sonja (Orc:1)
  10 spriggans
  A skyshark (Lair:2)
  5 goliath frogs
  2 skeletal warriors (D:14)
  5 swamp dragons
  6 spriggan druids
  A sun moth (shapeshifter) (D:15)
  2 lindwurms
  An obsidian statue (Volcano)
  7 bog bodies
  4 harpies (D:13)
  A phantasmal warrior (D:14)
  2 oklob plants
  10 orc knights
  2 deep elf pyromancers
  3 meliai (D:12)
  4 manticores
  15 ugly things
  A will-o-the-wisp (Swamp:4)
  6 cyclopes
  13 elephants
  6 black mambas
  A kobold blastminer (Orc:2)
  An ice statue (IceCv)
  A torpor snail (Lair:5)
  A gargoyle (D:12)
  9 cane toads
  3 rime drakes
  A kobold demonologist (D:12)
  16 komodo dragons
  A freezing wraith (D:15)
  3 unseen horrors (D:12)
  4 tengu conjurers (D:15)
  26 polar bears
  9 tyrant leeches
  3 trolls
  10 hornets
  4 raiju (Lair:5)
  A raiju (shapeshifter) (D:15)
  17 slime creatures
  2 shadows
  6 culicivoras (Lair:3)
  2 vampires
  A jumping spider (Lair:3)
  2 water elementals (D:14)
  8 wraiths
  A spriggan (shapeshifter) (D:15)
  2 wyverns
  4 basilisks
  2 hogs (D:14)
  2 humans (D:14)
  5 fire bats (Volcano)
  54 yaks
  4 steam dragons
  Grum (D:9)
  10 wargs
  10 vampire mosquitoes
  2 redbacks (Lair:3)
  3 acid dragons
  7 swamp worms
  An acid dragon (shapeshifter) (D:14)
  15 hell hounds
  13 water moccasins
  3 swamp drakes
  A sky beast (D:7)
  39 orc warriors
  4 ogres
  27 black bears
  11 centaurs
  59 wolves
  2 phantoms
  A weeping skull (Ossuary)
  2 kobold brigands (D:9)
  2 gnoll sergeants
  14 bullfrogs
  2 scorpions
  3 wights (D:9)
  A burial acolyte (Ossuary)
  3 troll zombies (Swamp:1)
  2 troll skeletons (Swamp:1)
  7 electric eels
  6 howler monkeys
  6 lava snakes (Volcano)
  A bombardier beetle (D:4)
  A jelly (D:8)
  A hound (D:4)
  29 orc priests
  A gnoll bouda (D:6)
  Terence (D:2)
  11 iguanas
  2 sleepcaps
  A troll simulacrum (Orc:1)
  12 orc wizards
  2 spriggan simulacra (Orc:1)
  2 wolf simulacra (Orc:1)
  5 mummies
  18 gnolls
  10 adders
  3 naga simulacra (Orc:1)
  3 white imps
  4 dart slugs
  A ribbon worm (D:2)
  79 orcs
  11 ball pythons
  10 endoplasms
  7 giant cockroaches
  3 gnoll zombies (Ossuary)
  16 hobgoblins
  8 jackals
  A quokka (D:2)
  4 bats
  2 frilled lizards
  24 goblins
  2 goblin zombies (D:6)
  12 kobolds
  A kobold zombie (Ossuary)
  4 orc zombies (Ossuary)
  3 rats
951 creatures vanquished.

Vanquished Creatures (others)
  An alligator (Swamp:4)
  A tyrant leech (Swamp:1)
  A bloated husk (Swamp:2)
  2 humans (D:14)
  3 wolves (Lair:5)
  15 foxfires (Swamp:4)
23 creatures vanquished.

Grand Total: 974 creatures vanquished

Notes
Turn   | Place    | Note
-------+----------+-------------------------------------------
     0 | D:1      | brinewave the Minotaur Fighter began the quest for the Orb.
     0 | D:1      | Reached XP level 1. HP: 19/19 MP: 0/0
   180 | D:1      | Reached XP level 2. HP: 27/27 MP: 1/1
   367 | D:1      | Reached skill level 3 in Axes
   819 | D:1      | Reached XP level 3. HP: 26/33 MP: 2/2
   970 | D:2      | Found a faded altar of an unknown god.
  1161 | D:2      | Found a runed translucent door.
  1162 | D:2      | Noticed Crazy Yiuf
  1334 | D:2      | Noticed Terence
  1352 | D:2      | Killed Terence
  1353 | D:2      | Reached XP level 4. HP: 35/40 MP: 3/3
  1410 | D:2      | Reached skill level 4 in Axes
  1827 | D:3      | Found a blossoming altar of Fedhas.
  1964 | D:3      | Reached XP level 5. HP: 47/47 MP: 4/4
  2340 | D:3      | Found a glowing silver altar of Zin.
  2373 | D:3      | Found an opulent altar of Gozag.
  2379 | D:3      | Became a worshipper of Gozag Ym Sagoz the Greedy
  2426 | D:4      | Noticed an ogre
  2442 | D:4      | Killed an ogre
  2443 | D:4      | Reached skill level 5 in Axes
  2593 | D:4      | Found a glowing golden altar of the Shining One.
  2692 | D:4      | Found a white marble altar of Elyvilon.
  2692 | D:4      | Found a snail-covered altar of Cheibriados.
  2751 | D:4      | Reached XP level 6. HP: 52/55 MP: 5/5
  2854 | D:4      | Reached skill level 5 in Fighting
  2854 | D:4      | Reached skill level 5 in Armour
  2854 | D:4      | Reached skill level 5 in Shields
  3046 | D:4      | Reached skill level 6 in Axes
  3303 | D:4      | Reached XP level 7. HP: 46/61 MP: 6/6
  3704 | D:5      | Entered Level 5 of the Dungeon
  4036 | D:5      | Reached skill level 7 in Axes
  4400 | D:5      | Identified the +1 dagger of the Ass {drain, rElec rCorr
                  | Int+6}
  4427 | D:5      | Found Odwuotwy's Book Shoppe.
  4617 | D:6      | Reached XP level 8. HP: 69/70 MP: 7/7
  4642 | D:6      | Found a staircase to the Ecumenical Temple.
  4776 | D:6      | Found a sand-covered staircase.
  4789 | Ossuary  | Entered an ossuary
  4879 | Ossuary  | Reached skill level 8 in Axes
  6003 | D:7      | Found a shadowy altar of Dithmenos.
  6107 | D:7      | Reached skill level 9 in Axes
  6374 | D:7      | Reached XP level 9. HP: 66/79 MP: 8/8
  6941 | D:8      | Noticed a two-headed ogre
  6951 | D:8      | Killed a two-headed ogre
  6952 | D:8      | Reached skill level 10 in Axes
  7253 | D:8      | Found a hazy altar of Hepliaklqana.
  7254 | D:8      | Found a stormy altar of Qazlal.
  7278 | D:8      | Reached skill level 11 in Axes
  7282 | D:8      | Reached XP level 10. HP: 43/90 MP: 9/9
  7854 | D:8      | Found Ruarch's Book Emporium.
  8041 | D:9      | Noticed Grum
  8059 | D:9      | Killed Grum
  8422 | D:9      | Found Riechop's Tremendous Tomes.
  8526 | D:9      | Noticed a deep elf pyromancer
  8543 | D:9      | Killed a deep elf pyromancer
  8544 | D:9      | Reached skill level 12 in Axes
  8615 | D:9      | Noticed Erica
  8629 | D:9      | Killed Erica
  8943 | D:9      | Reached skill level 10 in Fighting
  8943 | D:9      | Reached skill level 14 in Axes
  8943 | D:9      | Reached skill level 10 in Armour
  8943 | D:9      | Reached skill level 10 in Shields
  8943 | D:9      | Reached XP level 11. HP: 101/101 MP: 10/10
  9194 | D:10     | Entered Level 10 of the Dungeon
  9277 | D:10     | Noticed a two-headed ogre
  9294 | D:10     | Killed a two-headed ogre
  9480 | D:10     | Found a flagged portal.
  9500 | Bailey   | Entered a bailey
  9575 | Bailey   | Noticed an orc knight
  9593 | Bailey   | Killed an orc knight
  9775 | Bailey   | Noticed an orc knight
  9783 | Bailey   | Killed an orc knight
  9784 | Bailey   | Reached XP level 12. HP: 87/110 MP: 11/11
  9980 | Bailey   | Noticed an orc warlord
 10005 | Bailey   | Killed an orc warlord
 10613 | D:10     | Reached skill level 15 in Axes
 11140 | D:11     | Found a white marble altar of Elyvilon.
 11503 | D:11     | Noticed a two-headed ogre
 11513 | D:11     | Killed a two-headed ogre
 11621 | D:11     | Noticed a two-headed ogre
 11629 | D:11     | Killed a two-headed ogre
 11683 | D:11     | Found a staircase to the Lair.
 11774 | Lair:1   | Entered Level 1 of the Lair of Beasts
 12103 | Lair:1   | Reached skill level 16 in Axes
 12278 | Lair:1   | You fall into a shaft and drop 1 floor!
 12278 | Lair:2   | Found a staircase to the Swamp.
 12808 | Lair:2   | Reached XP level 13. HP: 89/119 MP: 12/12
 13281 | Lair:2   | Noticed Nergalle
 13294 | Lair:2   | Killed Nergalle
 13630 | Lair:1   | Reached skill level 17 in Axes
 14201 | Lair:1   | Reached skill level 18 in Axes
 14201 | Lair:1   | Reached XP level 14. HP: 129/129 MP: 13/13
 14202 | Lair:1   | Reached XP level 15. HP: 137/137 MP: 14/14
 15867 | Lair:3   | Found a hole to the Spider Nest.
 15951 | Lair:3   | Reached skill level 19 in Axes
 16102 | Lair:3   | Identified a scroll of acquirement
 16103 | Lair:3   | Acquired 481 gold pieces
 16121 | Lair:3   | Bought a potion of curing for 39 gold pieces
 16121 | Lair:3   | Bought a potion of curing for 39 gold pieces
 16121 | Lair:3   | Bought a potion of might for 52 gold pieces
 16121 | Lair:3   | Bought 2 potions of might for 104 gold pieces
 16121 | Lair:3   | Bought a potion of haste for 130 gold pieces
 16159 | Lair:3   | Found the +0 mask of the Dragon {Will+ Slay+3 SInv}
 16760 | Lair:4   | Found a dark tunnel.
 16841 | Volcano  | Entered a volcano
 17089 | Volcano  | Found a bloodstained altar of Trog.
 17611 | Lair:4   | Found a staircase to the Slime Pits.
 17611 | Lair:4   | Found a viscous altar of Jiyva.
 18134 | Lair:5   | Entered Level 5 of the Lair of Beasts
 19080 | Lair:5   | Reached XP level 16. HP: 147/147 MP: 15/15
 19919 | Lair:5   | Reached skill level 20 in Axes
 20170 | Lair:5   | Reached skill level 15 in Shields
 20171 | Lair:5   | Reached skill level 15 in Armour
 20255 | Lair:5   | Identified the +2 pair of gloves of Discretion {rElec rN+
                  | Str+4 Dex-4}
 20298 | Lair:5   | Identified the ring of Miwos {Ice Fly Will+ rCorr}
 20338 | Lair:5   | Reached skill level 15 in Fighting
 21786 | D:12     | Found a staircase to the Orcish Mines.
 21887 | Orc:1    | Entered Level 1 of the Orcish Mines
 21887 | Orc:1    | Noticed Erolcha
 21909 | Orc:1    | Killed Erolcha
 21948 | Orc:1    | Found a frozen archway.
 21948 | Orc:1    | Noticed Gastronok
 21958 | Orc:1    | Killed Gastronok
 21974 | IceCv    | Entered an ice cave
 22144 | IceCv    | Got the Quarto of Kinetic Malisons
 22689 | IceCv    | Identified the +6 ring mail "Vuxuf" {Str+5 Int+3}
 23077 | Orc:2    | Entered Level 2 of the Orcish Mines
 23622 | Orc:2    | Found a staircase to the Elven Halls.
 23682 | Orc:1    | Noticed Sonja
 23943 | Orc:1    | Killed Sonja
 25062 | Orc:2    | Found Qathru Pauze's Armour Boutique.
 25065 | Orc:2    | Found Xegeretann's Weapon Shop.
 25066 | Orc:2    | Found Duvvar's Antique Armour Boutique.
 25067 | Orc:2    | Found Ussetoum's Book Boutique.
 25072 | Orc:2    | Bought a pair of embroidered boots for 277 gold pieces
 25093 | Orc:2    | Bought a +1 cloak of willpower for 231 gold pieces
 25407 | D:13     | Noticed Jorgrun
 25415 | D:13     | Killed Jorgrun
 25440 | D:13     | Reached XP level 17. HP: 139/160 MP: 13/16
 26288 | D:14     | Noticed Agnes
 26309 | D:14     | Killed Agnes
 26494 | D:14     | Noticed Josephine
 26504 | D:14     | Killed Josephine
 26571 | D:14     | Noticed Kirke
 26580 | D:14     | Killed Kirke
 27799 | D:14     | Found a gate to the Vaults.
 28081 | D:15     | Entered Level 15 of the Dungeon
 28702 | D:15     | Found the +7 sceptre of Torment {pain, torment}
 28972 | D:15     | Found a staircase to the Depths.
 29416 | Swamp:1  | Entered Level 1 of the Swamp
 31140 | Swamp:2  | Reached XP level 18. HP: 147/173 MP: 14/17
 31216 | Swamp:2  | Noticed a tentacled monstrosity
 31225 | Swamp:2  | Killed a tentacled monstrosity
 31773 | Swamp:3  | Found a glowing silver altar of Zin.
 32262 | Swamp:4  | Entered Level 4 of the Swamp
 32269 | Swamp:4  | HP: 3/176 [will-o-the-wisp/foxfire (35)]
 32828 | Swamp:4  | HP: 2/176 [will-o-the-wisp/foxfire (36)]
 32828 | Swamp:4  | Killed from afar by a will-o-the-wisp

Illustrated notes

Levels and vault maps discovered:
D:1:      matt_arrival_los_fun, layout_basic, minivault_11
D:2:      layout_loops_ring, shapermc_ecumenical_altar_venn, corexii_shack,
          uniq_terence, uniq_crazy_yiuf_cottage
D:3:      layout_loops_ring, pdpol_temple_overflow_zin_treasury_gozag_greed,
          fedhas_ov_isle_minmay, roderic_lattice_a
D:4:      layout_loops_ring, gammafunk_temple_overflow_elements,
          old_standard_altar, mainiacjoe_sewer_entry_somewhere_in_here_2
D:5:      layout_rooms, serial_shops, nicolae_shop_real_fake_doors
D:6:      layout_layer_cave, minmay_temple_entry_tees,
          nicolae_ossuary_entry_giza, hangedman_glass_teeth
D:7:      layout_loops_corners, grunt_dithmenos_smoke_and_mirrors,
          minmay_misc_feat_more_columns
D:8:      layout_loops_ring, mainiacjoe_overflow_large_starburst, serial_shops,
          shop, worms_lemuel
D:9:      layout_irregular_city, dreamdust_princess_bridge,
          nicolae_shop_i_like_big_books, uniq_grum, uniq_erica
D:10:     layout_stronghold, enter_bailey_5, solitary_fountain
D:11:     layout_basic, dpeg_oklobed_lair, elyvilon_altar_4
D:12:     layout_cave_pools, hiddenorc1_lemuel, small_statue_intersection,
          hangedman_corner_corridor
D:13:     layout_stronghold, eino_tiny_chamber, hangedman_aviary, uniq_jorgrun
D:14:     layout_basic, hellmonk_vaults_keyhole,
          amcnicky_mini_rare_corridor_liquid, uniq_josephine, uniq_agnes,
          uniq_kirke
D:15:     gammafunk_enter_depths_forms, layout_basic, serial_co_window_serial,
          co_window_paths_a, co_window_corner_a, co_window_paths_b,
          co_window_corner_a, co_window_corner_a, co_window_broadway_b,
          co_window_corner_b, co_window_cross_2, co_window_corner_ca,
          co_window_broadway_c, co_window_broadway_a, co_window_corner_cb,
          glass_columns_a, glass_columns_b, glass_columns_b, glass_columns_b,
          glass_columns_a, minmay_misc_feat_rugged
Lair:1:   wander_river, layout_regular_city, beast_lair_carwin_11
Lair:2:   beast_lair_carwin_large_4, layout_cave_pods,
          nicolae_swamp_entry_splash_gauntlet, uniq_nergalle
Lair:3:   layout_regular_city, nicolae_spider_entry_tight_spaces,
          minmay_lair_oklob_items, serial_bayou_shore_b
Lair:4:   layout_loops_ring, slime_entry_1, nicolae_volcano_entry_lava_flow,
          lemuel_fruit_tree, grunt_megastairs_2, serial_bayou_shore_a
Lair:5:   hangedman_lair_caniforms_friends, layout_regular_city,
          guppyfry_lair_end_dragon, grunt_megastairs_4,
          infiniplex_staircase_pool
Swamp:1:  layout_basic_swamp, evilmike_swamp_ruin_house_5, swamp_pool_3,
          cheibrodos_swamp_minitomb
Swamp:2:  layout_basic_swamp, serial_swamp_ruin, evilmike_swamp_ruin_house_3,
          hangedman_swamp_ruin_wall, swamp_pool_1_2,
          nicolae_swamp_soggy_hallways
Swamp:3:  layout_basic_swamp, nicolae_swamp_godswood
Swamp:4:  swamp_vile, layout_basic_swamp, swamp_pool_1_2,
          nzn_swamp_weyward_sisters, uniq_roxanne
Orc:1:    layout_caves, portal_ice_cave_entry_ice_simulacra, basic_altar,
          uniq_sonja, uniq_erolcha, uniq_gastronok
Orc:2:    st_orc_pillars, layout_caves, nicolae_orc_minecarts

Skill      XL: |  1  2  3  4  5  6  7  8  9 10 11 12 13 14 15 16 17 18 |
---------------+-------------------------------------------------------+-----
Axes           | 3 4 5 6 7 9 11 14 16 18 19 20 | 20.4
Fighting       | 4 5 6 7 8 10 11 12 13 14 16 18 19 | 19.2
Armour         | 4 5 6 7 8 10 11 12 13 14 16 18 19 | 19.1
Shields        | 4 5 6 7 8 10 11 12 13 14 16 18 19 | 19.1

Action                     |  1- 3 |  4- 6 |  7- 9 | 10-12 | 13-15 | 16-18 || total
---------------------------+-------+-------+-------+-------+-------+-------++-------
  Melee: War axe           |    61 |   112 |   210 |   396 |   439 |  1148 ||  2366
         Headbutt          |     4 |    12 |    32 |    78 |   112 |   277 ||   515
         Hand axe          |     9 |    19 |       |       |       |       ||    28
  Throw: Stone             |     2 |       |       |       |       |       ||     2
         Javelin           |     1 |     2 |       |       |       |       ||     3
         Dart              |       |       |     2 |     6 |       |     4 ||    12
         Throwing net      |       |       |       |     1 |       |       ||     1
         Boomerang         |       |       |       |       |       |     3 ||     3
 Invoke: Call Merchant     |       |       |       |       |     1 |       ||     1
  Evoke: Wand              |       |       |     1 |     4 |       |       ||     5
    Use: Scroll            |       |     7 |    11 |     8 |    11 |     9 ||    46
         Potion            |       |       |       |     4 |     2 |     1 ||     7
   Stab: Invisible         |       |       |     1 |     2 |       |       ||     3
         Distracted        |       |       |       |     2 |     2 |     2 ||     6
 Armour: Scale mail        |     7 |       |       |       |       |       ||     7
         Ring mail         |    40 |    74 |   159 |   122 |       |       ||   395
         Plate armour      |       |       |       |   185 |   348 |   392 ||   925
         Crystal plate arm |       |       |       |       |       |   533 ||   533
  Dodge: Dodged            |    29 |    58 |    91 |   129 |   111 |   330 ||   748
  Block: Buckler           |    18 |    20 |    61 |   102 |   118 |   199 ||   518
         Kite shield       |       |       |       |       |       |   281 ||   281
